 Dungeon Crawl Stone Soup version 0.18-a0-1702-gd20c6a5 (webtiles) character file.

464586 MenacingMecha the Executioner (level 23, -1/215 HPs)
             Began as a Minotaur Berserker on Apr 2, 2016.
             Was the Champion of Trog.
             Slain by a titan (37 damage)
             ... on level 5 of the Vaults on Apr 6, 2016.
             The game lasted 14:04:59 (60619 turns).

MenacingMecha the Executioner (Minotaur Berserker) Turns: 60619, Time: 14:05:00

Health: -1/215     AC: 35    Str: 26    XL:     23   Next: 42%
Magic:  35/35      EV: 20    Int:  8    God:    Trog [******]
Gold:   868        SH:  6    Dex: 14    Spells: 0 memorised, 22 levels left

rFire  + + .     SeeInvis .     O - +8 frozen axe "Frostbite" {freezing cloud, *Noise +Fly rC+}
rCold  + + .     Gourm    .     A - +3 fire dragon armour
rNeg   + . .     Faith    .     (shield currently unavailable)
rPois  +         Spirit   .     o - +0 hat {Int+3}
rElec  +         Dismiss  .     z - +1 cloak {+Inv}
rCorr  +         Reflect  +     a - +2 pair of gloves of Grace {rPois Regen+}
SustAt .         Harm     .     l - +2 pair of boots
MR     +....                    W - +4 amulet of reflection
Stlth  ..........               s - ring "Hifeog" {+Fly rElec rC++ rN+}
                                j - ring of resist corrosion

@: very slightly contaminated, somewhat resistant to hostile enchantments,
extremely unstealthy
A: retaliatory headbutt, horns 2, icy blue scales 1, large bone plates 1, rough
black scales 1, clumsy 1, screaming 1, strong 1, sturdy frame 1
a: Berserk, Trog's Hand, Brothers in Arms, Burn Spellbooks, Renounce Religion,
Evoke Invisibility, Evoke Flight
}: 2/15 runes: barnacled, gossamer


You were on level 5 of the Vaults.
You worshipped Trog.
Trog was exalted by your worship.
You were not hungry.

You visited 8 branches of the dungeon, and saw 42 of its levels.
You visited the Abyss 2 times.
You also visited: Labyrinth, Ossuary and Wizlab.

You collected 4198 gold pieces.
You spent 3330 gold pieces at shops.

Inventory:

Hand Weapons
 O - the +8 frozen axe "Frostbite" (weapon) {freezing cloud, *Noise +Fly rC+}
   (You acquired it on level 1 of the Spider Nest)

   It has been specially enchanted to freeze those struck by it, causing extra
   injury to most foes and up to half again as much damage against particularly
   susceptible opponents.
   It can also slow down cold-blooded creatures.
   It protects you from cold.
   It lets you fly.
   It may make noises in combat.
Armour
 a - the +2 pair of gloves of Grace (worn) {rPois Regen+}
   (You bought it in a shop on level 2 of the Dungeon)

   It protects you from poison.
   It increases your rate of regeneration.
 l - a +2 pair of boots (worn)
 o - a +0 hat of intelligence (worn)
 z - a +1 cloak of invisibility (worn)
 A - a +3 fire dragon armour (worn)
Rods
 b - a +8 rod of ignition (17/17)
   (You found it in a labyrinth)
 f - a +8 lightning rod (1/13)
   (You acquired it on level 2 of the Lair of Beasts)
 D - a +5 rod of shadows (10/10)
   (You took it off a minotaur in a labyrinth)
Jewellery
 c - an uncursed ring of positive energy
 h - a +3 ring of evasion
 j - a ring of resist corrosion (left hand)
 s - the ring "Hifeog" (right hand) {+Fly rElec rC++ rN+}
   (You found it in a wizard's laboratory)

   [ring of positive energy]

   It greatly protects you from cold.
   It insulates you from electricity.
   It protects you from negative energy.
   It lets you fly.
 W - a +4 amulet of reflection (around neck)
Wands
 e - a wand of paralysis (18/24)
 p - a wand of digging (16/24)
 t - a wand of confusion (29/48)
 v - a wand of hasting (3/9)
 y - a wand of slowing (40/48)
 G - a wand of iceblast (5/15)
 J - a wand of lightning (8/15)
 L - a wand of heal wounds (4/9)
 Q - a wand of teleportation (3/9)
Scrolls
 d - 17 scrolls of identify
 g - 7 scrolls of blinking
 k - 16 scrolls of remove curse
 r - 5 scrolls of fog
 w - 5 scrolls of recharging
 B - 3 scrolls of fear
 F - 7 scrolls of summoning
 M - a scroll of silence
 R - 4 scrolls of teleportation
 X - 4 scrolls of magic mapping
Potions
 i - a potion of heal wounds
 m - a potion of might
 n - 3 potions of invisibility
 x - 7 potions of curing
 C - 2 potions of cancellation
 E - a potion of resistance
 H - 3 potions of haste
 I - 2 potions of cure mutation {cMut?}
 Z - 5 potions of agility
Books
 V - a book of Flames

   Spells                             Type                      Level
   a - Flame Tongue                   Conjuration/Fire             1
   b - Throw Flame                    Conjuration/Fire             2
   c - Conjure Flame                  Conjuration/Fire             3
   d - Inner Flame                    Hexes/Fire                   3
   e - Sticky Flame                   Conjuration/Fire             4
   f - Fireball                       Conjuration/Fire             5
   Trog disapproves of the use of such an item.
Miscellaneous
 K - a sack of spiders {used: 1}
 N - a fan of gales
Comestibles
 q - 11 meat rations
 u - 4 chunks of flesh


   Skills:
 - Level 20.0 Fighting
 - Level 26.0 Axes
 + Level 19.0 Armour
 - Level 17.0 Dodging
 - Level 19.1 Evocations


You had 22 spell levels left.
You didn't know any spells.

Dungeon Overview and Level Annotations

Branches:
Dungeon (15/15)            Temple (0/1) D:5            Lair (8/8) D:11
 Shoals (4/4) Lair:4       Spider (4/4) Lair:3        Slime (0/6) Lair:7
    Orc (2/2) D:11            Elf (2/3) Orc:2        Vaults (5/5) D:14
  Crypt (0/3) Vaults:3     Depths (2/5) D:15

Altars:
Dithmenos
Gozag
Kikubaaqudgha
Makhleb
Nemelex Xobeh
Okawaru
Pakellas
Sif Muna
Xom
Yredelemnul
Zin
The Shining One
Jiyva

Shops:
D:2 *   D:4 :   D:5 :   D:9 ?   D:15 :   Orc:1 *   Orc:2 [=*%   Elf:1 %
Shoals:4 ?   Vaults:2 (   Vaults:3 ?

Portals:
Hell: Depths:1
Abyss: Depths:2
Pandemonium: Depths:2
Ziggurat: Depths:2
Trove: Depths:1 (give Akashic Record)

Annotations:
Lair:1 5head hydra?
Lair:2 stash1
Spider:2 exclusion: Roxanne, Roxanne
Elf:2 3 runed doors
Depths:2 !juggernaut


Innate Abilities, Weirdness & Mutations

You reflexively headbutt those who attack you in melee.
You have a pair of horns on your head.
You are partially covered in icy blue scales (AC +1).
You are partially covered in large bone plates (AC +2, SH +2).
You are partially covered in rough black scales (AC +4, Dex -1).
You are clumsy. (Dex -2)
You occasionally shout uncontrollably at your foes.
Your muscles are strong. (Str +2)
Your movements are slightly less encumbered by armour (ER -2).


Message History

You kill the stone giant!
Trog accepts your kill.
Your Armour skill increases to level 19!
An ironheart preserver comes into view. It is wielding a morningstar.
The ironheart preserver shouts!
The war gargoyle launches metal splinters at you.
The spray of metal splinters hits you!
The titan shouts!
Found three items.
The titan hits you!!!
* * * LOW HITPOINT WARNING * * *
The war gargoyle misses you.
Found 59 gold pieces, 25 stones and a meat ration.
You slash the titan! You freeze the titan.
You headbutt the titan, but do no damage.
The titan is lightly wounded.
You slice the war gargoyle!! You freeze the war gargoyle.
The war gargoyle is severely damaged.
The titan hits you!!!
You die...

......< ......( .......
# ###################.^.
..#......#......#.......
......................#.
......................#.
#.....9#......#.....#.
##...@###....## .
#....C.#......#..
.........#....p....
........$#.........
......./(#.........
..#...[?%#(.....#.. .
############### .


You could see a titan and a war gargoyle.

Vanquished Creatures
  An ancient lich (Vaults:5)
  Frederick (Vaults:5)
  Margery (Vaults:2)
  A golden dragon (Vaults:5)
  A mutant beast (WizLab)
  Arachne (Spider:2)
  Xtahua (Vaults:5)
  2 liches
  A tentacled monstrosity (Vaults:5)
  Rupert (Lair:7)
  A Hell Sentinel (Abyss:3)
  2 quicksilver dragons (Vaults:4)
  An eldritch tentacle (Vaults:5)
  2 titans (Vaults:5)
  Gastronok (Lair:3)
  Frances (Vaults:3)
  A tentacled starspawn (Abyss:3)
  A tengu reaver (Vaults:5)
  2 shadow dragons (Vaults:4)
  2 storm dragons
  Ilsuiw (Shoals:4)
  8 frost giants
  5 fire giants
  3 deep elf sorcerers
  A draconian knight (Vaults:3)
  5 ghost moths
  An orc warlord (Orc:1)
  A cacodemon (Abyss:2)
  11 vault wardens
  Louise (Spider:1)
  12 ironheart preservers
  The ghost of xeno23 the Carver, a journeyman DrBe of Trog (Depths:1)
  9 emperor scorpions
  18 very ugly things
  2 war gargoyles (Vaults:5)
  3 vampire knights (Depths:2)
  18 stone giants
  5 deep elf demonologists
  3 deep elf annihilators
  A lorocyproca (Abyss:2)
  7 merfolk javelineers
  2 deep elf death magi
  6 ettins
  2 fire dragons
  28 vault guards
  Josephine (Lair:6)
  A minotaur (Lab)
  9 yaktaur captains
  9 merfolk impalers
  2 deep elf high priests (Vaults:5)
  5 great orbs of eyes
  Fannar (Lair:3)
  A hell beast (Depths:2)
  7 hydras
  An ice dragon (shapeshifter) (WizLab)
  6 ice dragons
  Erica (Lair:2)
  4 rakshasas
  A catoblepas (Abyss:2)
  8 ogre magi
  3 merfolk avatars
  A ghost crab (shapeshifter) (WizLab)
  8 entropy weavers
  A death knight (Vaults:4)
  4 merfolk aquamancers
  10 centaur warriors
  5 alligator snapping turtles
  9 dancing weapons
  6 death yaks
  7 deep troll shamans
  5 orc high priests (Orc:2)
  6 tengu warriors
  2 deep troll earth magi (Depths:1)
  5 thrashing horrors
  2 soul eaters
  An iron golem (WizLab)
  A vampire mage (Depths:2)
  3 hell knights (Vaults:2)
  9 deep elf knights
  Nergalle (Lair:4)
  5 fire crabs
  10 skeletal warriors
  A flayed ghost (Vaults:1)
  4 iron trolls
  An unseen horror (D:13)
  3 wretched stars
  16 deep trolls
  2 giant orange brains
  2 fire crabs (shapeshifter) (D:13)
  A sea snake (shapeshifter) (WizLab)
  13 sea snakes
  An anubis guard (shapeshifter) (Vaults:3)
  A deep troll (shapeshifter) (WizLab)
  A swamp dragon (Abyss:2)
  5 hill giants
  9 deep elf archers
  5 ironbrand convokers
  A wolf spider zombie (D:15)
  3 phantasmal warriors
  15 orc knights
  A mana viper (shapeshifter) (WizLab)
  Pikel (D:8)
  21 harpies
  2 necromancers
  A wolf spider (shapeshifter) (WizLab)
  40 ugly things
  A tengu skeleton (Vaults:3)
  13 orb spiders
  48 deep elf magi
  2 wizards
  4 orb spiders (shapeshifter)
  A shining eye (Abyss:2)
  2 hornets (shapeshifter)
  A shadow dragon skeleton (Vaults:3)
  43 wolf spiders
  A sphinx skeleton (Depths:1)
  3 fauns (Shoals:1)
  4 orc sorcerers
  An oklob plant (Lair:8)
  2 manticores (shapeshifter)
  7 elephants
  3 worldbinders (Abyss:2)
  15 manticores
  3 hornets
  6 cyclopes
  A salamander (shapeshifter) (Vaults:2)
  Joseph (D:7)
  18 griffons
  15 sirens
  2 fire giant skeletons (Vaults:3)
  8 black mambas
  A sixfirhy (Abyss:2)
  A black mamba (shapeshifter) (WizLab)
  10 vault sentinels
  A moth of wrath (Spider:1)
  A torpor snail (Lair:7)
  A spiny frog (shapeshifter) (D:15)
  Maurice (Orc:1)
  8 water nymphs
  4 smoke demons
  An orange demon (Abyss:2)
  18 spiny frogs
  3 kobold demonologists
  2 gargoyles
  2 yaktaurs (shapeshifter)
  31 yaktaurs
  A komodo dragon (shapeshifter) (Vaults:3)
  A yaktaur zombie (Depths:1)
  A rime drake (shapeshifter) (WizLab)
  7 komodo dragons
  7 demonic crawlers
  9 freezing wraiths
  2 efreet
  13 rime drakes
  2 elves (WizLab)
  A troll (shapeshifter) (Vaults:2)
  A polar bear (shapeshifter) (Vaults:2)
  A red devil (Depths:2)
  22 merfolk
  A jumping spider (shapeshifter) (D:15)
  A tengu conjurer (D:15)
  3 ancient zymes
  8 polar bears
  A queen bee (shapeshifter) (Vaults:2)
  11 two-headed ogres
  7 trolls
  39 jumping spiders
  5 wind drakes
  11 raiju
  8 snapping turtles
  2 two-headed ogres (shapeshifter) (WizLab)
  40 blink frogs
  45 slime creatures
  A blink frog (shapeshifter) (WizLab)
  A human simulacrum (Vaults:1)
  A raiju (shapeshifter) (D:13)
  14 large abominations
  An air elemental (Abyss:2)
  5 boulder beetles
  40 tarantellas
  A vampire (D:14)
  An ettin skeleton (Vaults:3)
  82 redbacks
  A spriggan (Lair:5)
  7 wraiths
  A ynoxinul (Abyss:2)
  8 wyverns
  4 humans (WizLab)
  7 basilisks
  60 yaks
  4 fire bats (Abyss:2)
  20 water elementals
  5 fire elementals
  2 basilisks (shapeshifter) (WizLab)
  14 vampire mosquitoes
  4 neqoxecs
  3 steam dragons
  Eustachio (D:5)
  A human (shapeshifter) (WizLab)
  3 chaos spawn
  30 hippogriffs
  2 steam dragons (shapeshifter)
  6 wargs
  4 hungry ghosts
  Menkaure (D:5)
  2 mottled dragons (Lair:8)
  2 mottled dragons (shapeshifter) (WizLab)
  A spatial vortex (Abyss:2)
  A yaktaur simulacrum (Depths:1)
  2 swamp worms (shapeshifter)
  2 soldier ants (shapeshifter)
  3 soldier ants
  25 water moccasins
  8 hell hounds (Lair:8)
  11 porcupines
  2 swamp drakes (Lair:8)
  48 orc warriors
  4 sky beasts
  18 small abominations
  A black bear (shapeshifter) (WizLab)
  2 eyes of draining
  4 slaves (D:5)
  21 starcursed masses
  5 ice beasts
  16 black bears
  A boggart (Depths:1)
  6 phantoms
  3 necrophages
  33 wolves
  A wasp (D:10)
  43 ogres
  24 centaurs
  6 human skeletons (Vaults:3)
  25 crocodiles
  A crocodile (shapeshifter) (WizLab)
  5 elf zombies (Ossuary)
  5 big kobolds
  13 giant frogs
  2 wyvern zombies
  A wyvern skeleton (D:14)
  7 scorpions
  20 killer bees
  3 wights (D:14)
  An electric eel (Spider:4)
  12 howler monkeys
  10 crimson imps
  3 lava snakes (D:14)
  A giant frog zombie (D:11)
  7 centaur zombies
  2 jellies
  4 quasits
  39 orc priests
  17 hounds
  3 human zombies (Ossuary)
  3 centaur skeletons
  2 giant frog skeletons
  A gnoll shaman (D:4)
  25 orc wizards
  An iron imp (Depths:2)
  17 worker ants
  10 iguanas
  35 sheep
  A hound skeleton (D:8)
  3 mummies (Ossuary)
  Robin (D:3)
  7 gnolls
  A howler monkey skeleton (D:5)
  30 river rats
  13 adders
  4 shadow imps
  2 white imps
  4 giant eyeballs (WizLab)
  3 ufetubi
  An ooze (D:4)
  An adder skeleton (D:4)
  An adder zombie (D:5)
  A worm (D:5)
  5 giant geckos
  112 orcs
  6 giant cockroaches
  21 goblins
  8 hobgoblins
  10 jackals
  4 quokkas
  3 ball pythons
  7 bats
  A giant gecko skeleton (D:5)
  A giant gecko zombie (D:6)
  6 giant newts
  25 kobolds
  A quokka skeleton (D:6)
  A quokka zombie (D:5)
  5 rats
  7 bushes (Lair:8)
  An eldritch tentacle segment (Depths:2)
  A fire vortex (D:14)
  5 fungi
  A lurking horror (Abyss:2)
  32 plants
  2 starspawn tentacles (Abyss:3)
2273 creatures vanquished.

Vanquished Creatures (collateral kills)
  A golden dragon (Depths:2)
  Agnes (Vaults:3)
  Wiglaf (Spider:2)
  A spriggan defender (Vaults:3)
  A vampire knight (Vaults:3)
  A merfolk javelineer (Shoals:3)
  A hydra (Lair:1)
  2 hell knights (Vaults:2)
  6 ugly things (Depths:2)
  A yaktaur (Vaults:5)
  2 slime creatures (Vaults:2)
  A centaur (D:12)
19 creatures vanquished.

Vanquished Creatures (others)
  An eldritch tentacle (Depths:2)
  A tengu reaver (Depths:1)
  A merfolk javelineer (Shoals:4)
  2 merfolk impalers
  A yaktaur captain (Vaults:5)
  2 deep elf archers (Elf:1)
  A deep elf mage (Elf:1)
  A manticore (Shoals:4)
  A yaktaur (Vaults:1)
  A redback (Vaults:5)
  A warg (Vaults:5)
  A small abomination (Abyss:3)
  3 centaurs
  A lightning spire (D:6)
  A bush (D:6)
  59 eldritch tentacle segments
  7 fungi
  12 plants
  3 starspawn tentacles (Abyss:3)
  5 starspawn tentacle segments (Abyss:3)
105 creatures vanquished.

Grand Total: 2397 creatures vanquished

Notes
Turn   | Place    | Note
--------------------------------------------------------------
     0 | D:1      | MenacingMecha the Minotaur Berserker began the quest for the Orb.
     0 | D:1      | Reached XP level 1. HP: 19/19 MP: 0/0
   162 | D:1      | Reached skill level 4 in Axes
   411 | D:1      | Reached XP level 2. HP: 26/26 MP: 1/1
   680 | D:1      | Reached ** piety under Trog
   804 | D:1      | Reached skill level 5 in Axes
   988 | D:2      | Reached XP level 3. HP: 31/31 MP: 2/2
  1054 | D:2      | Found an opulent altar of Gozag.
  1054 | D:2      | Found Gozag's Platinum Reserve.
  1491 | D:2      | Reached XP level 4. HP: 26/39 MP: 3/3
  1705 | D:2      | Reached skill level 6 in Axes
  2440 | D:3      | Found an oddly glowing altar of Pakellas.
  2674 | D:3      | Noticed Robin
  2679 | D:3      | Reached *** piety under Trog
  2684 | D:3      | Reached XP level 5. HP: 42/45 MP: 4/4
  2696 | D:3      | Killed Robin
  2696 | D:3      | Reached skill level 7 in Axes
  3177 | D:3      | You fall through a shaft for 2 floors!
  3177 | D:5      | Entered Level 5 of the Dungeon
  3177 | D:5      | Noticed Eustachio
  3221 | D:5      | Killed Eustachio
  3221 | D:5      | Reached skill level 8 in Axes
  3221 | D:5      | Reached XP level 6. HP: 23/51 MP: 5/5
  3609 | D:5      | Noticed Menkaure
  3865 | D:4      | Found Zaqihut's Book Boutique.
  4049 | D:4      | Found a sparkling altar of Nemelex Xobeh.
  4051 | D:4      | Found an iron altar of Okawaru.
  4057 | D:4      | Found an ancient bone altar of Kikubaaqudgha.
  4057 | D:4      | Found a glowing golden altar of the Shining One.
  4062 | D:4      | Found a burning altar of Makhleb.
  4063 | D:4      | Found a shadowy altar of Dithmenos.
  4065 | D:4      | Found a deep blue altar of Sif Muna.
  4086 | D:4      | Reached XP level 7. HP: 43/57 MP: 6/6
  4483 | D:4      | Reached skill level 9 in Axes
  4803 | D:5      | Reached skill level 10 in Axes
  5059 | D:5      | Reached XP level 8. HP: 57/64 MP: 7/7
  5129 | D:5      | Found a staircase to the Ecumenical Temple.
  5151 | D:5      | Killed Menkaure
  5151 | D:5      | Reached skill level 11 in Axes
  5457 | D:5      | Found Ceycolaq's Book Emporium.
  5471 | D:5      | Reached **** piety under Trog
  5471 | D:5      | Reached skill level 12 in Axes
  5773 | D:6      | Got a steaming chain mail
  5774 | D:6      | Identified the cursed +1 chain mail of Hioliysk {Dex+3} (You found it on level 6 of the Dungeon)
  6220 | D:6      | Found an oddly glowing altar of Pakellas.
  6221 | D:6      | Noticed a gargoyle
  6405 | D:7      | Reached skill level 13 in Axes
  6460 | D:7      | Reached XP level 9. HP: 60/70 MP: 8/8
  6665 | D:7      | Found a glowing silver altar of Zin.
  6689 | D:7      | Noticed Joseph
  6710 | D:7      | Killed Joseph
  6710 | D:7      | Reached skill level 14 in Axes
  7066 | D:7      | Got a spiked chain mail
  7067 | D:7      | Identified the +1 chain mail of the Onion {Int+4} (You found it on level 7 of the Dungeon)
  7184 | D:7      | Reached skill level 5 in Armour
  7311 | D:8      | Found a sand-covered staircase.
  7316 | Ossuary  | Entered an ossuary
  7509 | Ossuary  | Reached skill level 5 in Dodging
  7980 | D:8      | Reached XP level 10. HP: 77/78 MP: 9/9
  8013 | D:8      | Noticed Pikel
  8016 | D:8      | Killed Pikel
  8692 | D:9      | Found Hoteh's Magic Scroll Shop.
  8752 | D:9      | Received a gift from Trog
  9235 | D:9      | Found a basalt altar of Yredelemnul.
  9235 | D:9      | Found a shimmering altar of Xom.
  9402 | D:9      | Reached skill level 10 in Armour
  9514 | D:10     | Entered Level 10 of the Dungeon
  9904 | D:10     | Noticed an orb spider
  9905 | D:10     | Noticed a wolf spider
  9905 | D:10     | Noticed a deep elf mage
  9923 | D:9      | Killed a wolf spider
  9979 | D:10     | an orb spider changed into a blink frog
  9980 | D:10     | Noticed an orb spider
  9980 | D:10     | a blink frog changed into an orb spider
 10005 | D:10     | Killed an orb spider
 10015 | D:10     | Killed a deep elf mage
 10037 | D:10     | Noticed a centaur warrior
 10365 | D:10     | Killed a centaur warrior
 10365 | D:10     | Reached skill level 5 in Fighting
 10365 | D:10     | Reached XP level 11. HP: 75/88 MP: 10/10
 10846 | D:10     | Reached ***** piety under Trog
 11074 | D:10     | You fall through a shaft for 2 floors!
 11074 | D:12     | Noticed a white ugly thing
 11086 | D:12     | Killed a white ugly thing
 11172 | D:11     | Found a staircase to the Orcish Mines.
 11957 | D:11     | Noticed a cyan ugly thing
 11963 | D:11     | Killed a cyan ugly thing
 12046 | D:11     | Noticed an eight-headed hydra
 12225 | D:11     | Found a staircase to the Lair.
 12741 | Lair:1   | Entered Level 1 of the Lair of Beasts
 12949 | Lair:1   | Noticed a five-headed hydra
 13010 | Lair:1   | Killed a five-headed hydra
 13010 | Lair:1   | Reached skill level 10 in Fighting
 13374 | Lair:1   | Received a gift from Trog
 13542 | Lair:1   | Reached skill level 15 in Axes
 13756 | Lair:2   | Found a labyrinth entrance.
 13894 | Lab      | Entered a labyrinth
 14054 | Lab      | Noticed a minotaur
 14055 | Lab      | Noticed a hill giant
 14062 | Lab      | Killed a minotaur
 14160 | Lair:2   | Noticed Erica
 14174 | Lair:2   | Killed Erica
 14174 | Lair:2   | Reached XP level 12. HP: 103/106 MP: 11/11
 14215 | Lair:2   | Identified a +4 rod of ignition (14/14) (You found it in a labyrinth)
 14216 | Lair:2   | Identified a +3 rod of shadows (9/9) (You took it off a minotaur in a labyrinth)
 14254 | Lair:2   | Reached skill level 16 in Axes
 14276 | Lair:2   | You fall through a shaft!
 15151 | Lair:3   | Noticed Fannar
 15163 | Lair:3   | Reached skill level 1 in Evocations
 15171 | Lair:3   | Killed Fannar
 15191 | Lair:3   | Noticed a death yak
 15226 | Lair:3   | Killed a death yak
 15334 | Lair:3   | Noticed Gastronok
 15361 | Lair:3   | Killed Gastronok
 15361 | Lair:3   | Reached skill level 5 in Evocations
 15468 | Lair:3   | Found a hole to the Spider Nest.
 16256 | Lair:4   | Noticed Nergalle
 16302 | Lair:4   | Killed Nergalle
 16541 | Lair:4   | Found a staircase to the Shoals.
 16700 | Lair:4   | Received a gift from Trog
 16920 | Lair:4   | Reached XP level 13. HP: 116/116 MP: 18/18
 17158 | Lair:4   | Received a gift from Trog
 17335 | Lair:4   | Reached skill level 10 in Evocations
 18539 | Lair:5   | Gained mutation: Your muscles are strong. (Str +2) [potion of mutation]
 18539 | Lair:5   | Gained mutation: You are partially covered in rough black scales (AC +4, Dex -1). [potion of mutation]
 18539 | Lair:5   | Gained mutation: You are clumsy. (Dex -2) [potion of mutation]
 19321 | D:11     | Found a glowing golden altar of the Shining One.
 19938 | D:12     | Received a gift from Trog
 20131 | D:12     | Reached XP level 14. HP: 126/127 MP: 22/22
 21597 | Lair:6   | Received a gift from Trog
 22177 | Lair:6   | Noticed Josephine
 22185 | Lair:6   | Killed Josephine
 22326 | Lair:6   | Reached skill level 17 in Axes
 22997 | Lair:7   | Noticed Rupert
 23008 | Lair:7   | Killed Rupert
 23026 | Lair:7   | Reached skill level 18 in Axes
 23104 | Lair:7   | Got a faintly glowing jade ring
 23216 | Lair:7   | Identified the ring "Digoh Sis" {Ice MR+ Int+3 Stlth+} (You found it on level 7 of the Lair of Beasts)
 23525 | Lair:7   | Received a gift from Trog
 23573 | Lair:7   | Found a viscous altar of Jiyva.
 23575 | Lair:7   | Found a staircase to the Slime Pits.
 23613 | Lair:7   | Reached ****** piety under Trog
 23885 | Lair:8   | Entered Level 8 of the Lair of Beasts
 23933 | Lair:8   | Reached skill level 19 in Axes
 24191 | Lair:8   | Reached XP level 15. HP: 137/137 MP: 23/23
 24255 | Lair:8   | Received a gift from Trog
 25195 | Lair:8   | Reached skill level 20 in Axes
 25257 | Lair:8   | Received a gift from Trog
 25271 | Lair:8   | Got a warped longbow {god gift}
 25273 | Lair:8   | Identified the +8 longbow "Ceotonon" {freeze, rC+ MR+ SInv} (Trog gifted it to you on level 8 of the Lair of Beasts)
 25635 | Orc:1    | Entered Level 1 of the Orcish Mines
 25914 | Orc:1    | Found Icsyamn's General Store.
 26138 | Orc:2    | Entered Level 2 of the Orcish Mines
 26141 | Orc:2    | Received a gift from Trog
 26145 | Orc:2    | Noticed Maurice
 26177 | Orc:2    | Noticed an orc warlord
 26187 | Orc:1    | Killed Maurice
 26525 | Orc:1    | Killed an orc warlord
 27150 | Orc:2    | Found a staircase to the Elven Halls.
 28463 | Orc:2    | Found Bunwesee's Food Shoppe.
 28466 | Orc:2    | Found Lisse's Jewellery Shoppe.
 28467 | Orc:2    | Found Souxkiub's Antique Armour Shoppe.
 28468 | Orc:2    | Found Riugraag's Assorted Antiques.
 28479 | Orc:2    | Bought a glowing cloak for 112 gold pieces
 29949 | D:14     | Found a sparkling altar of Nemelex Xobeh.
 30562 | D:14     | Reached XP level 16. HP: 35/145 MP: 24/24
 30564 | D:14     | Received a gift from Trog
 31075 | Spider:1 | Entered Level 1 of the Spider Nest
 31850 | Spider:1 | Identified a scroll of acquirement
 32079 | Spider:2 | Noticed Roxanne
 32122 | Spider:2 | Noticed Arachne
 32699 | Spider:2 | Killed Arachne
 33096 | Spider:2 | Reached skill level 21 in Axes
 33097 | Spider:2 | Received a gift from Trog
 33143 | Spider:2 | Noticed Louise
 33165 | Spider:1 | Killed Louise
 33221 | Spider:2 | Noticed Wiglaf
 33246 | Spider:2 | Killed Wiglaf
 33732 | D:2      | Bought the +2 pair of gloves of Grace {rPois Regen+} for 2570 gold pieces
 34725 | Spider:3 | Reached skill level 22 in Axes
 34961 | Spider:3 | Received a gift from Trog
 34987 | Spider:3 | Gained mutation: You are partially covered in large bone plates (AC +2, SH +2). [potion of beneficial mutation]
 35773 | D:14     | Reached XP level 17. HP: 142/154 MP: 25/25
 36535 | D:14     | Reached skill level 23 in Axes
 36548 | D:14     | Found a gate to the Vaults.
 36918 | D:15     | Entered Level 15 of the Dungeon
 37129 | D:15     | Found Wiexus's Book Boutique.
 37406 | D:15     | Received a gift from Trog
 37422 | D:15     | Found a staircase to the Depths.
 37424 | D:15     | Got a bloodstained battleaxe {god gift}
 37425 | D:15     | Identified the +9 battleaxe of Kideufac {flame, +Rage rPois} (Trog gifted it to you on level 15 of the Dungeon)
 38013 | Shoals:1 | Entered Level 1 of the Shoals
 38249 | Shoals:1 | Reached skill level 24 in Axes
 39129 | Shoals:3 | Reached skill level 10 in Dodging
 39990 | Shoals:4 | Entered Level 4 of the Shoals
 40031 | Shoals:4 | Received a gift from Trog
 40527 | Shoals:4 | Reached XP level 18. HP: 106/160 MP: 23/26
 41071 | Spider:4 | Entered Level 4 of the Spider Nest
 41330 | Spider:4 | Received a gift from Trog
 41753 | Spider:4 | Reached skill level 25 in Axes
 42383 | Spider:4 | Got a gossamer rune of Zot
 42868 | Vaults:1 | Entered Level 1 of the Vaults
 43132 | Vaults:1 | Received a gift from Trog
 43249 | Vaults:1 | Upgraded the game from 0.18-a0-1682-g23343eb to 0.18-a0-1685-g4482fe3
 43885 | Vaults:1 | Reached XP level 19. HP: 161/168 MP: 29/29
 43914 | Vaults:1 | Reached skill level 15 in Evocations
 44646 | Vaults:2 | Received a gift from Trog
 45208 | Vaults:2 | Reached skill level 15 in Armour
 45485 | Vaults:2 | Noticed Margery
 45497 | Vaults:2 | Killed Margery
 45736 | Vaults:2 | Reached skill level 15 in Fighting
 46021 | Vaults:2 | Received a gift from Trog
 46116 | Vaults:2 | Found Duta's Antique Weapon Shoppe.
 46426 | Vaults:3 | Found a magical portal.
 46437 | WizLab   | Entered Cigotuvi's Fleshworks
 46473 | WizLab   | Received a gift from Trog
 46607 | WizLab   | Paralysed by a giant eyeball for 4 turns
 46613 | WizLab   | Paralysed by a giant eyeball for 2 turns
 46623 | WizLab   | Paralysed by a giant eyeball for 4 turns
 46701 | WizLab   | Got a crude glass ring
 46980 | WizLab   | Reached skill level 26 in Axes
 47177 | WizLab   | Gained mutation: You are partially covered in icy blue scales (AC +1). [potion of beneficial mutation]
 47178 | WizLab   | Gained mutation: Your movements are slightly less encumbered by armour (ER -2). [potion of beneficial mutation]
 47197 | WizLab   | Identified the Incunabulum of Changing
 47200 | WizLab   | Identified Cigotuvi's Tome of Evil Transformation
 47201 | WizLab   | Identified the ring "Hifeog" {+Fly rElec rC++ rN+} (You found it in a wizard's laboratory)
 47347 | WizLab   | Reached XP level 20. HP: 179/179 MP: 30/30
 47565 | Vaults:3 | Received a gift from Trog
 47862 | Vaults:3 | Noticed Agnes
 47862 | Vaults:3 | Noticed Frances
 47881 | Vaults:3 | Killed Agnes
 47884 | Vaults:3 | Killed Frances
 48251 | Vaults:3 | Found a staircase to the Crypt.
 48321 | Vaults:3 | Reached skill level 15 in Dodging
 48537 | Vaults:3 | Found Unkoere's Magic Scroll Emporium.
 48699 | Vaults:3 | Cast into level 3 of the Abyss (a deep elf demonologist)
 48846 | Abyss:3  | Paralysed by accursed screaming for 2 turns
 48853 | Abyss:3  | Paralysed by accursed screaming for 1 turns
 48913 | Vaults:3 | Escaped the Abyss
 49589 | D:14     | Received a gift from Trog
 49747 | Orc:1    | Bought a wand of hasting (5/9) for 648 gold pieces
 50117 | Elf:1    | Entered Level 1 of the Elven Halls
 50323 | Elf:1    | Found Yloliwic's Food Boutique.
 50347 | Elf:1    | Received a gift from Trog
 50443 | Elf:1    | Identified the Papyrus of the Escort
 50454 | Elf:1    | Got an ichor-stained chain mail
 50455 | Elf:1    | Identified the +1 chain mail of Medavvor {rF+++ MR++ MP-9} (You found it on level 1 of the Elven Halls)
 51116 | Elf:1    | Upgraded the game from 0.18-a0-1685-g4482fe3 to 0.18-a0-1689-g473dde0
 51510 | Elf:2    | Found a huge runed gate.
 51510 | Elf:2    | Found a huge runed gate.
 51522 | Elf:2    | Found a huge runed gate.
 52145 | Shoals:4 | Reached XP level 21. HP: 192/192 MP: 23/32
 52162 | Shoals:4 | Received a gift from Trog
 52416 | Shoals:4 | Noticed Ilsuiw
 52458 | Shoals:4 | Found Haufricw's Magic Scroll Shop.
 52738 | Shoals:3 | Received a gift from Trog
 52926 | Shoals:4 | Identified Sif Muna's Collected Works on Transmigration and Battle Magic
 53199 | Shoals:4 | Killed Ilsuiw
 53270 | Shoals:4 | Got a barnacled rune of Zot
 53955 | Vaults:4 | Received a gift from Trog
 55428 | Depths:1 | Entered Level 1 of the Depths
 55456 | Depths:1 | Received a gift from Trog
 55580 | Depths:1 | Found a gateway to Hell.
 55655 | Depths:1 | Noticed xeno23's ghost (journeyman DrBe)
 55732 | Depths:1 | Killed xeno23's ghost
 57107 | Depths:1 | Found a portal to a secret trove of treasure.
 57426 | Depths:2 | Found a one-way gate to the infinite horrors of the Abyss.
 57485 | Depths:2 | Reached XP level 22. HP: 199/207 MP: 33/33
 57532 | Depths:2 | Found a gateway to a ziggurat.
 57756 | Depths:2 | Received a gift from Trog
 57760 | Depths:2 | Got a dazzling executioner's axe {god gift}
 57761 | Depths:2 | Identified the +3 executioner's axe "Kirop" {freeze, Stlth+} (Trog gifted it to you on level 2 of the Depths)
 57770 | Depths:2 | Found a one-way gate leading to the halls of Pandemonium.
 58119 | Depths:2 | Noticed a golden dragon
 58411 | Depths:2 | Killed a golden dragon
 58472 | Depths:2 | Noticed a juggernaut
 58999 | Vaults:5 | Entered Level 5 of the Vaults
 59009 | Vaults:4 | Received a gift from Trog
 59403 | Vaults:5 | Noticed an ancient lich
 59450 | Vaults:5 | Noticed Frederick
 59451 | Vaults:5 | Noticed Xtahua
 59505 | Vaults:5 | Killed an ancient lich
 59507 | Vaults:5 | Killed Frederick
 59512 | Vaults:5 | Killed Xtahua
 59518 | Vaults:5 | Received a gift from Trog
 59525 | Vaults:5 | Reached XP level 23. HP: 87/215 MP: 35/35
 59527 | Vaults:5 | Cast into level 2 of the Abyss (a deep elf sorcerer)
 59755 | Abyss:2  | Gained mutation: You occasionally shout uncontrollably at your foes. [a shining eye]
 59794 | Abyss:2  | Paralysed by accursed screaming for 1 turns
 59817 | Abyss:2  | Paralysed by accursed screaming for 1 turns
 59822 | Abyss:2  | Paralysed by accursed screaming for 1 turns
 60029 | Abyss:2  | Upgraded the game from 0.18-a0-1689-g473dde0 to 0.18-a0-1702-gd20c6a5
 60125 | Abyss:2  | Received a gift from Trog
 60150 | Abyss:2  | Found a corrupted altar of Lugonu.
 60200 | Vaults:5 | Escaped the Abyss
 60619 | Vaults:5 | Slain by a titan

Vault maps used:
D:1:      roderic_crop_circles_arrival_small
D:2:      nicolae_gozag_zags_fifth_avenue, amethyst_killhole,
          guppyfry_early_orc_mine
D:3:      overflow_temple_1_default, uniq_robin
D:4:      minitemple, serial_shops, nicolae_shop_crystal
D:5:      minmay_temple_entry_statues, serial_shops, nicolae_shop_trees,
          first_bread, uniq_menkaure, uniq_pikel, uniq_eustachio
D:6:      gammafunk_pakellas_spire_experiment
D:7:      lemuel_round_altar, uniq_joseph
D:8:      nicolae_ossuary_entry_false_entrances, grunt_ogre_cave
D:9:      gammafunk_temple_overflow_wave, serial_shops, shop
D:10:     minmay_curly_fans
D:11:     orc_0_dummy, serial_bayou_pond_d, nicolae_tso_swordbearing_angel
D:14:     lightli_vaults_fourway_checkpoint, kennysheep_boxes, nemelex_deck
D:15:     gammafunk_enter_depths_forms, serial_shops, nicolae_shop_behind_doors,
          hangedman_decor_diamond_cutter
Lair:1:   serial_bayou_shore_b
Lair:2:   lab_entry_generic, grunt_megastairs_5, uniq_erica
Lair:3:   spider_nest_entry_webs, nicolae_quartered_pool_medium,
          hangedman_lair_generics_rect, uniq_gastronok, uniq_fannar
Lair:4:   elwin_shoals_entry_rocks, special_room, grunt_megastairs_3,
          uniq_nergalle
Lair:5:   st_stairs_5, grunt_forest_stairs_clearing
Lair:6:   fungi_pond_lemuel, kennysheep_catoblepas_arena, uniq_josephine
Lair:7:   slime_altar_1, uniq_rupert
Lair:8:   guppyfry_lair_end_dragon, hangedman_lair_caniforms_friends,
          minmay_lair_oklob_bushes
Shoals:3: cheibrodos_shoals_roost
Shoals:4: shoals_end_grunt_ice, shoals_ilsuiw_ice, serial_shops, shop
Spider:1: nicolae_spider_nook
Spider:2: uniq_arachne, uniq_roxanne, uniq_louise, uniq_wiglaf
Spider:3: nicolae_spider_webs_and_nodes
Spider:4: grunt_spider_rune_circles
Orc:1:    serial_shops, nicolae_shop_stone, basic_altar
Orc:2:    st_orc_pillars, uniq_maurice
Elf:1:    eino_elf_arrival_customs, serial_shops, shop_fountains,
          minmay_elf_demonology, hangedman_elven_ridges, spider_trap,
          small_statue_intersection
Vaults:1: ontoclasm_vaults_eye, grunt_vaults_hallway_short,
          hangedman_vaults_slither, ontoclasm_vaults_misaligned,
          vaults_dpeg_diagonal, ontoclasm_vaults_ligature, v_misc_33,
          vaults_room_pools, nicolae_vaults_little_squares_3,
          vaults_mumra_minichess_inversion
Vaults:2: nicolae_vaults_triangles, nicolae_vaults_murderbox,
          ontoclasm_vaults_misaligned, vaults_room_pools,
          hangedman_vaults_capsules, v_rooms_1, vaults_room_pools,
          nicolae_vaults_mini_display_case, v_misc_18, vaults_room_fours,
          ontoclasm_vaults_fault, serial_shops, nicolae_shop_behind_doors,
          uniq_margery
Vaults:3: minmay_crypt_entry_skeletal_spiral, v_misc_33,
          nicolae_vaults_yaktaur_gun_rack, nicolae_vaults_hallways_thing,
          sword_in_stone, v_rooms_4, grunt_vaults_hallway_short, serial_shops,
          shop, mu_enter_wizlab_6
Vaults:4: v_misc_9, dpeg_vaults_waves, vaults_room_pools, v_misc_28,
          vaults_room_pool, grunt_vaults_bifocal, v_misc_27,
          nicolae_vaults_little_squares_4, ontoclasm_vaults_claustrophobia,
          nicolae_vaults_little_ls, v_misc_3, nicolae_vaults_little_squares_2,
          v_misc_12, v_pattern_5, vaults_room_stairs_pillars
Vaults:5: uniq_frederick, uniq_xtahua
Depths:1: enter_trove_2, serial_bayou_pond_c, hell_entry, serial_bayou_pond_b,
          lemuel_freeze_loot_1
Depths:2: minmay_concentric_multi, enter_ziggurat_a, grunt_pan_entry_in_and_out,
          grunt_decor_one_mirror, abyss_entry, hell_entry
Abyss:2:  grunt_abyss_exit_deep_breaths
Abyss:3:  guppyfry_abyss_exit_glass_guarded
Lab:      labyrinth_mini_lab, labyrinth_skeletal_remains,
          nicolae_lab_flowing_pool, lab_fountain
Ossuary:  ossuary_minmay_four_chambers
WizLab:   wizlab_cigotuvi

Skill      XL: |  1  2  3  4  5  6  7  8  9 10 11 12 13 14 15 16 17 18 19 20 21 22 23 |
---------------+----------------------------------------------------------------------+-----
Axes           | 4 5 6 8 10 13 14 15 16 19 20 22 24 25 26 | 26.0
Armour         | 3 4 7 11 13 15 17 19 | 19.0
Dodging        | 3 5 7 8 9 12 14 16 17 | 17.0
Fighting       | 5 10 11 12 13 14 15 17 19 20 | 20.0
Evocations     | 8 12 13 14 15 16 18 19 | 19.1

Action                   |  1- 3 |  4- 6 |  7- 9 | 10-12 | 13-15 | 16-18 | 19-21 | 22-24 || total
-------------------------+-------+-------+-------+-------+-------+-------+-------+-------++-------
Melee: Hand axe          |    91 |   149 |   425 |   336 |       |       |       |       ||  1001
       War axe           |       |       |       |   375 |   574 |       |       |       ||   949
       Battleaxe         |       |       |       |       |   903 |    95 |       |       ||   998
       Executioner's axe |       |       |       |       |       |   997 |  1391 |   457 ||  2845
Throw: Tomahawk          |       |       |    11 |    10 |       |       |       |       ||    21
       Javelin           |       |       |       |     3 |       |       |       |       ||     3
       Throwing net      |       |       |       |     1 |     1 |       |       |       ||     2
Invok: Berserk           |       |     2 |     2 |    10 |     8 |     2 |     3 |     7 ||    34
       Trog's Hand       |       |     1 |       |     3 |     3 |     3 |     8 |     6 ||    24
       Brothers in Arms  |       |       |       |     1 |     1 |       |     1 |     1 ||     4
 Abil: Evoke Invisibilit |       |       |       |       |     2 |     1 |       |       ||     3
       Evoke Flight      |       |       |       |       |       |     8 |     4 |     1 ||    13
       Stop Flying       |       |       |       |       |       |     1 |       |       ||     1
Evoke: Wand              |       |       |     1 |     6 |     3 |    10 |    14 |     1 ||    35
       Rod               |       |       |       |     5 |    25 |    60 |    28 |    16 ||   134
       Sack of spiders   |       |       |       |       |       |       |       |     1 ||     1
  Use: Scroll            |       |     1 |     4 |    21 |    23 |    11 |    14 |     8 ||    82
       Potion            |       |       |       |    14 |     1 |     6 |     4 |     9 ||    34
 Stab: Sleeping          |     1 |       |       |       |       |       |       |       ||     1
       Held in net/web   |       |       |       |     2 |       |     1 |       |       ||     3
       Distracted        |       |       |       |       |     2 |     1 |       |       ||     3
       Invisible         |       |       |       |       |     1 |       |       |       ||     1
  Eat: Chunk             |     2 |     8 |     8 |    32 |    60 |    44 |    35 |    21 ||   210
       Bread ration      |       |     1 |     1 |       |     1 |     4 |     4 |       ||    11
       Pizza             |       |       |       |     3 |       |       |       |       ||     3
       Royal jelly       |       |       |       |     2 |     1 |     1 |       |       ||     4
       Meat ration       |       |       |       |     1 |       |     2 |     1 |       ||     4
       Beef jerky        |       |       |       |       |       |     1 |     1 |       ||     2
